 Dungeon Crawl Stone Soup version 0.13.0-25-g43d4df3 (webtiles) character file.

225 Malachi the Ruinous (level 4, 0/27 HPs)
             Began as a High Elf Conjurer on Oct 27, 2013.
             Slain by Raxtorm's ghost (14 damage)
             ... on Level 3 of the Dungeon.
             The game lasted 00:06:37 (2247 turns).

Malachi the Ruinous (High Elf Conjurer)             Turns: 2247, Time: 00:06:38

HP   0/27        AC  3     Str  7      XL: 4   Next: 30%
MP  14/28        EV 13     Int 20      God:
Gold 137         SH  0     Dex 15      Spells:  2 memorised,  2 levels left

Res.Fire  : . . .   See Invis. : .   (no weapon)
Res.Cold  : . . .   Warding    : .   a - +0 elf robe
Life Prot.: . . .   Conserve   : .   (no shield)
Res.Poison: .       Res.Corr.  : .   (no helmet)
Res.Elec. : .       Clarity    : .   (no cloak)
Sust.Abil.: . .     Spirit.Shd : .   (no gloves)
Res.Mut.  : .       Stasis     : .   f - +0 pair of orc boots
Res.Rott. : .       Flight     : .   (no amulet)
Saprovore : . . .                    h - ring of magical power
                                     d - ring of magical power

@: slightly resistant to hostile enchantments, fairly stealthy
A: no striking features
a: no special abilities


You were on level 3 of the Dungeon.
You were not hungry.

You visited 1 branch of the dungeon, and saw 3 of its levels.

You collected 117 gold pieces.

Inventory:

Armour
 a - a +0 elven robe (worn)
 f - a +0 pair of orcish boots (worn)
 t - a +0 buckler
Magical devices
 o - a wand of teleportation (4) {unknown}
Comestibles
 b - a bread ration
 q - an apple
 r - 2 meat rations
Scrolls
 e - 2 scrolls of fog {unknown}
 g - 4 scrolls of identify {unknown}
 m - a scroll of enchant weapon I {unknown}
 n - 2 scrolls of remove curse {unknown}
 p - a scroll of curse jewellery {unknown}
 s - a scroll of recharging {unknown}
 u - a scroll of enchant armour {unknown}
Jewellery
 d - a ring of magical power (left hand)
 h - a ring of magical power (right hand)
Potions
 i - a potion of cure mutation {unknown}
 j - 3 potions of curing {unknown}
 l - 4 potions of brilliance {unknown}
 v - a potion of slowing {unknown}
Books
 c - a book of Conjurations

   Spells                             Type                      Level
   *Magic Dart                        Conjuration                  1
   *Searing Ray                       Conjuration                  2
   Dazzling Spray                     Conjuration/Hexes            3
   Iskenderun's Mystic Blast          Conjuration                  4
   Iskenderun's Battlesphere          Conjuration/Charms           4
   Fulminant Prism                    Conjuration/Hexes            5


   Skills:
 + Level 2.3 Dodging
 - Level 2.3 Stealth
 - Level 1.4 Spellcasting
 * Level 6.2 Conjurations


You had 2 spell levels left.
You knew the following spells:

 Your Spells              Type           Power        Failure   Level  Hunger
a - Magic Dart            Conj           ####         1%          1    ##.....
b - Searing Ray           Conj           ####..       1%          2    ###....


Dungeon Overview and Level Annotations

Branches:
Dungeon (3/27)

Altars:

Annotations:
D:3 Raxtorm's ghost, average GrFi


Message History

Raxtorm's ghost hits you but does no damage.
The searing ray hits Raxtorm's ghost.
Raxtorm's ghost is heavily damaged.
Raxtorm's ghost hits you.
The searing ray hits Raxtorm's ghost.
Raxtorm's ghost is heavily damaged.
Raxtorm's ghost hits you.
Casting: Searing Ray
Confirm with . or Enter, or press ? or * to list all spells.
Aiming: Searing Ray
Press: ? - help, Shift-Dir - straight line, f/p - Raxtorm's ghost
Aim: Raxtorm's ghost (heavily damaged)
The searing ray hits Raxtorm's ghost.
Raxtorm's ghost is severely damaged.
Raxtorm's ghost closely misses you.
The searing ray hits Raxtorm's ghost.
Raxtorm's ghost is severely damaged.
Raxtorm's ghost hits you!
Ouch! That really hurt!
You die...

####. ... #..# ## ...
....##).# .# . ...
........... .# ). .. ...
###.###..# .#....
...####'# .# # #. ##..#
.#.... #.#.p.#.##.##..
#.##>... ......
.......'.........+......#
.#... #p##.##...#..#...#
.# #@...........#...#
.########
##...............#
.........
#....#######.#...#
.........
#....#######.#...#
.........
#.................
)........
##.#..######.#....
.........
#.#..##..........
########
#.#..##.#.#.#...# .......
#.#..##.#.#.#...#


You could see Raxtorm's ghost.

Vanquished Creatures
  4 adders
  2 giant geckos
  An orc (D:3)
  6 bats
  3 giant cockroaches
  6 hobgoblins
  6 kobolds
  2 quokkas (D:2)
  3 ball pythons
  A giant newt (D:3)
  6 goblins
  4 jackals (D:1)
  7 rats
51 creatures vanquished.

Notes
Turn   | Place    | Note
--------------------------------------------------------------
     0 | D:1      | Malachi, the High Elf Conjurer, began the quest for the Orb.
     0 | D:1      | Reached XP level 1. HP: 11/11 MP: 4/4
   440 | D:1      | Reached XP level 2. HP: 17/17 MP: 3/5
   520 | D:1      | Learned a level 2 spell: Searing Ray
   544 | D:1      | Reached skill level 5 in Conjurations
  1237 | D:2      | Reached XP level 3. HP: 21/21 MP: 8/8
  1920 | D:3      | Reached XP level 4. HP: 27/27 MP: 10/10
  2084 | D:3      | Reached skill level 6 in Conjurations
  2232 | D:3      | Noticed Raxtorm's ghost (average GrFi)
  2247 | D:3      | Slain by Raxtorm's ghost

Action                   |  1- 3 |  4- 6 || total
-------------------------+-------+-------++-------
Melee: Unarmed           |     1 |       ||     1
 Cast: Magic Dart        |    72 |     6 ||    78
       Searing Ray       |     4 |     4 ||     8
